 Dungeon Crawl Stone Soup version 0.31.0-9-g3a7656b989 (webtiles) character file.

Game seed: 7614130437162811730

9718 Kallu the Toxicologist (level 11, -25/81 HPs)
             Began as a Vampire Alchemist on Jan 29, 2024.
             Killed by the air
             ... invoked by Gastronok
              (42 damage)
             ... on level 8 of the Dungeon.
             The game lasted 00:27:05 (9353 turns).

Kallu the Toxicologist (Vampire Alchemist)          Turns: 9353, Time: 00:27:06

Health: -25/81     AC:  9    Str:  7    XL:     11   Next: 26%
Magic:  1/20       EV: 19    Int: 24    God:
Gold:   405        SH:  0    Dex: 11    Spells: 12/22 levels left

rFire   + + +        a - +6 trident "Oczec" {heavy, rF++ rN+ rCorr}
rCold   . . .        (no shield)
rNeg    + . .        K - +0 steam dragon scales
rPois   .            m - +2 helmet
rElec   .            t - scarf {+Inv}
rCorr   +            (no gloves)
SInv    +            e - +0 pair of boots
Will    ++...        (no amulet)
Stlth   ++           G - ring of the Thirteen Knives {rF+ EV+5 Int+3 Dex-5}
HPRegen 0.53/turn    x - ring of willpower
MPRegen 0.17/turn

%: no passive effects
@: healing quickly
A: alive, fangs 3, see invisible, vampiric 2
a: Exsanguinate, Evoke Invisibility


You were on level 8 of the Dungeon.
You visited 2 branches of the dungeon, and saw 9 of its levels.

You collected 405 gold pieces.

Inventory:

Hand Weapons
 a - the +6 trident "Oczec" (weapon) {heavy, rF++ rN+ rCorr}
   (You found it on level 7 of the Dungeon)

   rF++:      It greatly protects you from fire.
   rN+:       It protects you from negative energy.
   rCorr:     It protects you from acid and corrosion.
 r - a +0 long sword
 s - a +0 falchion of freezing
Missiles
 w - 10 poisoned darts
Armour
 e - a +0 pair of boots (worn)
 m - a +2 helmet (worn)
 t - a scarf of invisibility (worn)
 B - a +0 cloak
 H - a +0 buckler of reflection
 K - +0 steam dragon scales (worn)
Magical Staves
 b - a staff of alchemy
 I - a staff of conjuration
Jewellery
 u - a ring of resist corrosion
 x - a ring of willpower (right hand)
 G - the ring of the Thirteen Knives (left hand) {rF+ EV+5 Int+3 Dex-5}
   (You took it off a deep elf pyromancer on level 7 of the Dungeon)

   [ring of evasion]

   EV+5:      It affects your evasion (+5).
   Int+3:     It affects your intelligence (+3).
   Dex-5:     It affects your dexterity (-5).
   rF+:       It protects you from fire.
Wands
 F - a wand of roots (8)
Scrolls
 c - 4 scrolls of teleportation {unknown}
 f - 7 scrolls of identify {unknown}
 h - 2 scrolls of vulnerability {unknown}
 j - 2 scrolls of revelation {unknown}
 v - a scroll of fear {unknown}
 y - a scroll of torment {unknown}
 J - a scroll of blinking {unknown}
Potions
 d - 2 potions of cancellation {unknown}
 g - a potion of magic
 i - 2 potions of mutation {unknown}
 k - 3 potions of degeneration {unknown}
 l - 2 potions of haste {unknown}
 n - 2 potions of ambrosia {unknown}
 p - a potion of might {unknown}
 q - 2 potions of attraction {unknown}
 z - a potion of lignification {unknown}
 A - a potion of enlightenment {unknown}
 C - 3 potions of heal wounds
 D - 3 potions of curing {unknown}
 E - a potion of berserk rage {unknown}


   Skills:
 - Level 6.0 Fighting
 - Level 7.0 Dodging
 - Level 4.0 Stealth
 - Level 6.0 Spellcasting
 - Level 3.0 Conjurations
 + Level 3.1 Fire Magic
 - Level 6.0 Air Magic
 - Level 12.0 Alchemy
 - Level 3.0 Evocations


You had 12 spell levels left.
You knew the following spells:

 Your Spells              Type           Power      Damage    Failure   Level
a - Sting                 Conj/Alch      100%       1d9       1%          1
b - Mercury Vapours       Alch/Air       100%       N/A       1%          2
c - Mephitic Cloud        Conj/Alch/Air  40%        N/A       1%          3
d - Sticky Flame          Fire/Alch      43%        2d8       3%          4

Your spell library contained the following spells:

 Spells                   Type           Power      Damage    Failure   Level
 Cigotuvi's Dreadful Rot  Necr/Alch/Air  72%        N/A       1%          2
 Olgreb's Toxic Radiance  Alch           59%        N/A       1%          4
 Leda's Liquefaction      Alch/Erth      18%        N/A       7%          4
 Petrify                  Alch/Erth      36%        N/A       7%          4
 Frozen Ramparts          Ice            14%        1d3       24%         3
 Dispel Undead            Necr           7%         3d8       61%         4
 Martyr's Knell           Necr/Summ      7%         N/A       61%         4
 Conjure Ball Lightning   Conj/Air       14%        3x3d6     88%         6
 Metabolic Englaciation   Hex/Ice        3%         N/A       91%         5
 Death Channel            Necr           3%         N/A       100%        6
 Discord                  Hex            3%         N/A       100%        8
 Disjunction              Tloc           3%         N/A       100%        8


Dungeon Overview and Level Annotations

Branches:
Dungeon (8/15)             Temple (1/1) D:4            Lair (0/5) D:8

Altars:
Ashenzari
Cheibriados
Dithmenos
Fedhas
Kikubaaqudgha
Makhleb
Nemelex Xobeh
Okawaru
Qazlal
Ru
Trog
Uskayaw
Vehumet
Wu Jian
Xom
Yredelemnul

Shops:
D:5 *   D:6 (

Annotations:
D:4 Grinder
D:5 2 runed translucent doors, topfpfpflanze's ghost, weakling OpBr
D:8 Gastronok; Maurice


Innate Abilities, Weirdness & Mutations

Your natural rate of healing is accelerated.
You have razor-sharp teeth.
You have supernaturally acute eyesight. (SInv)
You are afflicted with vampirism and can become a bat while bloodless.


Message History

The wyvern is moderately wounded.
The wyvern burns!
The wyvern bites you! The yak misses you.
Unknown command.
Casting: Sticky Flame (dangerous; 4% risk of failure)
Confirm with . or Enter, or press ? or * to list all spells.
Aiming: Mephitic Cloud (safe; 1% risk of failure)
Press: ? - help, Shift-Dir - straight line, p - wyvern The ball explodes into a vile cloud!
The stinking cloud engulfs the wyvern.
The wyvern is heavily wounded.
You hear an angry buzzing noise.
The wyvern burns!
The wyvern closely misses you. x2; The yak misses you.
Unknown command.
You hit the wyvern but do no damage.
The wyvern is severely wounded.
The wyvern burns!
You kill the wyvern!
The yak gores you!
* * * LOW HITPOINT WARNING * * *
The yak closely misses you.
Aiming: Sting (safe; 1% risk of failure)
Press: ? - help, Q - select action, (/) - cycle Shift-Dir - straight line, f - yak
Aim: a yak (severely wounded, poisoned, 87% to hit)
The sting hits the yak!
The yak looks even sicker.
The yak is almost dead.
The yak completely misses you.
Aiming: Sting (safe; 1% risk of failure)
Press: ? - help, Q - select action, (/) - cycle Shift-Dir - straight line, f/p - yak
Aim: a yak (almost dead, very poisoned, 87% to hit)
The sting hits the yak.
The yak looks even sicker.
You kill the yak!
Your Fire Magic skill increases to level 3!
Unknown command.
Gastronok gurgles horribly!
You see here a wyvern corpse.
A killer bee comes into view.
Gastronok waves his eye-stalks in wide circles.
The air twists around and strikes you!!!
Ouch! That really hurt!
You die...
Gastronok gurgles, "Let's see if you taste as good as that wizard did."

#.....................P.
#..............>......♣.
#..###............o.....
#..# #.#..yP.....P.....
#..# #.##.......♣.....##
#..###.##P.............#
###.....................w.
#...........#...........##
#.#..####@..#......♣#####
#.#...†.†.°......#
#.#.....§§○.#..#.
#.##.####☼§##.##
#.##.####..# #.#.#.# ####
#.##...##..###...#Y# #...
#.####.##..##......# #.##
#.# #.##.w#w......## #.#
#.# #.##...........# #.##


You could see Gastronok and a killer bee.

Vanquished Creatures
  2 two-headed ogres (D:7)
  A boulder beetle (D:7)
  A deep elf pyromancer (D:7)
  A manticore (D:7)
  Sigmund (D:6)
  A slime creature (D:7)
  A shadow (D:7)
  6 yaks
  2 wyverns (D:8)
  2 basilisks (D:8)
  2 vampire mosquitoes (D:7)
  2 steam dragons
  5 water moccasins
  An orc warrior (D:8)
  2 ice beasts
  2 sky beasts (D:7)
  5 ogres
  2 black bears (D:5)
  3 centaurs
  A phantom (D:4)
  3 bullfrogs
  4 kobold brigands (D:7)
  2 gnoll sergeants (D:7)
  3 scorpions
  11 killer bees
  5 howler monkeys
  5 bombardier beetles
  Crazy Yiuf (D:6)
  4 gnoll boudas
  2 sleepcaps
  An orc priest (D:3)
  5 hounds
  A jelly (D:7)
  Jessica (D:3)
  4 iguanas
  8 orc wizards
  Robin (D:3)
  16 gnolls
  8 adders
  A white imp (D:5)
  2 ufetubi (D:5)
  A dart slug (D:5)
  25 orcs
  6 ball pythons
  5 endoplasms
  5 giant cockroaches
  15 goblins
  12 hobgoblins
  3 jackals (D:1)
  3 quokkas
  4 bats
  4 frilled lizards (D:2)
  10 kobolds
  A rat (D:1)
225 creatures vanquished.

Vanquished Creatures (collateral kills)
  A yak (D:8)
  A killer bee (D:8)
2 creatures vanquished.

Grand Total: 227 creatures vanquished

Notes
Turn   | Place    | Note
-------+----------+-------------------------------------------
     0 | D:1      | Kallu the Vampire Alchemist began the quest for the Orb.
     0 | D:1      | Reached XP level 1. HP: 13/13 MP: 3/3
   407 | D:1      | Reached XP level 2. HP: 19/19 MP: 2/5
   834 | D:2      | Learned a level 2 spell: Mercury Vapours
   926 | D:2      | Gained mutation: You are afflicted with vampirism and can
                  | become a bat while bloodless. [Vampire growth]
   926 | D:2      | Reached XP level 3. HP: 17/24 MP: 1/7
  1286 | D:2      | Reached XP level 4. HP: 30/30 MP: 0/10
  1440 | D:2      | Learned a level 3 spell: Mephitic Cloud
  1774 | D:3      | Noticed Robin
  1866 | D:3      | Killed Robin
  1867 | D:3      | Reached skill level 1 in Air Magic
  1950 | D:3      | Found a faded altar of an unknown god.
  2117 | D:3      | Found a stormy altar of Qazlal.
  2157 | D:3      | Reached skill level 4 in Alchemy
  2157 | D:3      | Reached XP level 5. HP: 33/35 MP: 9/11
  2287 | D:3      | Noticed Jessica
  2291 | D:3      | Killed Jessica
  2659 | D:4      | Noticed a phantom
  2710 | D:4      | Killed a phantom
  2711 | D:4      | Reached skill level 5 in Alchemy
  2790 | D:4      | Reached XP level 6. HP: 44/44 MP: 3/12
  3109 | D:4      | Noticed Grinder
  3209 | D:4      | Reached skill level 6 in Alchemy
  3226 | D:4      | Reached skill level 1 in Conjurations
  3509 | D:4      | Found a staircase to the Ecumenical Temple.
  3515 | Temple   | Entered the Ecumenical Temple
  3631 | D:4      | Reached XP level 7. HP: 50/50 MP: 9/13
  3718 | D:5      | Entered Level 5 of the Dungeon
  3775 | D:5      | Reached skill level 7 in Alchemy
  4033 | D:5      | Found Niroyneq's Gadget Gallery.
  4129 | D:5      | Found a large runed translucent door.
  4129 | D:5      | Found a large runed translucent door.
  4130 | D:5      | Noticed topfpfpflanze's ghost (weakling OpBr)
  4216 | D:5      | Reached skill level 8 in Alchemy
  4366 | D:5      | Reached XP level 8. HP: 57/57 MP: 8/14
  5054 | D:6      | Learned a level 4 spell: Sticky Flame
  5124 | D:6      | Reached skill level 1 in Fire Magic
  5311 | D:6      | Identified the +2 mace of Tenacity {heavy, Int-4 Dex+6}
  5311 | D:6      | Noticed Sigmund
  5321 | D:6      | Killed Sigmund
  5322 | D:6      | Reached skill level 9 in Alchemy
  5434 | D:6      | Found Dadodghi's Antique Weapon Boutique.
  5491 | D:6      | Reached XP level 9. HP: 53/65 MP: 9/15
  5743 | D:6      | Found a runed translucent door.
  5744 | D:6      | Noticed Crazy Yiuf
  5891 | D:6      | Killed Crazy Yiuf
  5892 | D:6      | Reached skill level 10 in Alchemy
  5971 | D:7      | Reached skill level 1 in Evocations
  5977 | D:7      | Identified the +6 trident "Oczec" {heavy, rF++ rN+ rCorr}
  7052 | D:7      | Reached skill level 11 in Alchemy
  7322 | D:7      | Identified the ring of the Thirteen Knives {rF+ EV+5 Int+3
                  | Dex-5}
  7322 | D:7      | Noticed a deep elf pyromancer
  7324 | D:7      | Noticed a two-headed ogre
  7340 | D:7      | Killed a two-headed ogre
  7341 | D:7      | Reached skill level 12 in Alchemy
  7341 | D:7      | Reached skill level 5 in Spellcasting
  7341 | D:7      | Reached XP level 10. HP: 68/71 MP: 1/17
  7627 | D:7      | Killed a deep elf pyromancer
  7628 | D:7      | Reached skill level 5 in Fighting
  7993 | D:7      | Noticed a manticore
  7994 | D:7      | Noticed a two-headed ogre
  7998 | D:7      | Killed a manticore
  8012 | D:7      | Killed a two-headed ogre
  8156 | D:7      | Noticed a boulder beetle
  8163 | D:7      | Killed a boulder beetle
  8312 | D:7      | Identified the +8 sling of the Shoals {flame, Stlth+}
  8447 | D:8      | Reached skill level 5 in Dodging
  8553 | D:8      | Reached XP level 11. HP: 81/81 MP: 12/20
  8750 | D:8      | Noticed Maurice
  8903 | D:8      | Found a staircase to the Lair.
  8994 | D:8      | Noticed Gastronok
  9353 | D:8      | Killed from afar by Gastronok

Illustrated notes

Levels and vault maps discovered:
D:1:      mainiacjoe_arrival_oval_in_oval, layout_loops_cross,
          minmay_misc_feat_diagonals
D:2:      layout_loops_cross, minmay_circle_x
D:3:      layout_loops_cross, lemuel_doored_altar, ebering_ecumenical_altar_box,
          uniq_robin, uniq_jessica
D:4:      layout_basic, minmay_temple_entry_wispy, uniq_grinder
D:5:      minmay_octagon_keep, layout_cave_pods, ebering_ghost_disaster_area,
          nicolae_shop_gadgets
D:6:      layout_rooms, serial_shops, nicolae_shop_window_shopping,
          uniq_crazy_yiuf_cottage, uniq_sigmund
D:7:      minmay_the_grid_octo_tiled_octocenter [minmay_the_grid_octo_toaster,
          minmay_the_grid_octo_tetromino_candy, minmay_the_grid_octo_concentric,
          minmay_the_grid_octo_checkerflower,
          minmay_the_grid_octo_prize_single_spiral,
          minmay_the_grid_square_5x5_bite,
          minmay_the_grid_square_5x5_half_checkered,
          minmay_the_grid_square_5x5_bridge,
          minmay_the_grid_square_5x5_dogpile], layout_loops_cross
D:8:      layout_loops_ring, minmay_lair_entry_grove, uniq_gastronok,
          uniq_maurice
Temple:   nicolae_temple_bog_church

Skill      XL: |  1  2  3  4  5  6  7  8  9 10 11 |
---------------+----------------------------------+-----
Spellcasting   | 3 4 5 6 |  6.0
Air Magic      | 1 2 4 6 |  6.0
Alchemy        | 4 5 6 8 9 12 | 12.0
Fighting       | 2 4 6 |  6.0
Conjurations   | 1 2 3 |  3.0
Dodging        | 4 5 7 |  7.0
Fire Magic     | 2 3 |  3.1
Evocations     | 3 |  3.0
Stealth        | 4 |  4.0

Action                     |  1- 3 |  4- 6 |  7- 9 | 10-12 || total
---------------------------+-------+-------+-------+-------++-------
  Melee: Unarmed           |    17 |       |       |       ||    17
         Bite              |    10 |    18 |    17 |    20 ||    65
         Staff             |    53 |   113 |   189 |     1 ||   356
         Punch             |       |     2 |     4 |     2 ||     8
         Trident           |       |       |     8 |   106 ||   114
   Cast: Sting             |    44 |    60 |   118 |    51 ||   273
         Mercury Vapours   |     3 |     8 |    14 |     1 ||    26
         Mephitic Cloud    |       |     2 |     7 |    10 ||    19
         Sticky Flame      |       |       |    13 |    29 ||    42
    Use: Potion            |       |       |       |     1 ||     1
   Stab: Sleeping          |       |     1 |     4 |       ||     5
         Confused          |       |       |     2 |     1 ||     3
 Armour: Robe              |    48 |    92 |   221 |    98 ||   459
         Steam dragon scal |       |       |       |    13 ||    13
  Dodge: Dodged            |    69 |   108 |   244 |   165 ||   586
